 Dungeon Crawl Stone Soup version 0.28.0-1-gb440e238dd (webtiles) character file.

Game seed: 11218067758561004868

12 Akaron the Grasshopper (level 2, -2/29 HPs)
             Began as an Ogre Warper on Feb 20, 2022.
             Slain by an adder (4 damage)
             ... on level 1 of the Dungeon.
             The game lasted 00:01:52 (686 turns).

Akaron the Grasshopper (Ogre Warper)                 Turns: 686, Time: 00:01:53

Health: -2/29      AC:  3    Str: 14    XL:     2   Next: 33%
Magic:  0/5        EV:  9    Int: 14    God:
Gold:   28         SH:  0    Dex:  8    Spells: 4/6 levels left

rFire   . . .      SeeInvis .   a - +0 mace
rCold   . . .      Faith    .   (no shield)
rNeg    . . .      Spirit   .   b - +0 robe
rPois   .          Reflect  .   (helmet restricted)
rElec   .          Harm     .   (no cloak)
rCorr   .          Rampage  .   (gloves unavailable)
Will    .....                   (boots unavailable)
Stlth   +.........              (no amulet)
HPRegen 0.09/turn               (no ring)
MPRegen 0.09/turn               (no ring)

@: on blink cooldown
A: large, unfitting armour, tough skin 1
a: no special abilities


You were on level 1 of the Dungeon.
You visited 1 branch of the dungeon, and saw 2 of its levels.

You collected 28 gold pieces.

Inventory:

Hand Weapons
 a - a +0 mace (weapon)
Missiles
 d - 5 boomerangs of dispersal (quivered)
Armour
 b - a +0 robe (worn)
 e - an orb of energy
Scrolls
 c - a scroll of blinking
 f - a scroll of vulnerability {unknown}
Potions
 g - a potion of heal wounds {unknown}
 h - a potion of degeneration {unknown}


   Skills:
 + Level 2.6 Fighting
 + Level 2.0 Maces & Flails
 + Level 1.0 Throwing
 + Level 2.1 Dodging
 + Level 2.8 Spellcasting
 + Level 3.0 Translocations


You had 4 spell levels left.
You knew the following spells:

 Your Spells              Type           Power      Damage    Failure   Level
a - Blink                 Tloc           20%        N/A       10%         2

Your spell library contained the following spells:

 Spells                   Type           Power      Damage    Failure   Level
 Gell's Gravitas          Tloc           10%        N/A       19%         3
 Lesser Beckoning         Tloc           10%        N/A       19%         3
 Teleport Other           Tloc           10%        N/A       19%         3
 Manifold Assault         Tloc           10%        N/A       87%         5


Dungeon Overview and Level Annotations

Branches:
Dungeon (2/15)

Altars:


Innate Abilities, Weirdness & Mutations

You are too large for most types of armour.
You have tough skin. (AC +1)


Message History

The adder bites you. The adder barely misses you.
You hit the adder.
The adder is heavily wounded.
You feel sick. The adder barely misses you. The adder bites you.
* * * LOW HITPOINT WARNING * * *
You closely miss the adder.
The adder is heavily wounded.
You feel sick. The adder bites you.
* * * LOW HITPOINT WARNING * * *
You miss the adder.
The adder is heavily wounded.
* * * LOW HITPOINT WARNING * * *
You feel sick. The adder barely misses you. x2
Casting: Blink (safe; 10% risk of failure)
Confirm with . or Enter, or press ? or * to list all spells.
You blink.
A kobold comes into view.
It is wielding a +0 short sword and quivering poisoned darts.
* * * LOW HITPOINT WARNING * * *
You feel sick.
You are no longer poisoned.
The kobold shouts!
The kobold throws a poisoned dart.
The poisoned dart barely misses you.
There is a stone staircase leading up here.
The adder bites you.
* * * LOW HITPOINT WARNING * * *
The kobold throws a poisoned dart.
The poisoned dart barely misses you. The adder barely misses you.
You climb upwards.
There is a stone staircase leading down, spattered with blood here.
You feel stable enough to blink again.
Casting: Blink (safe; 10% risk of failure)
Confirm with . or Enter, or press ? or * to list all spells.
You blink.
The adder bites you but does no damage.
You feel stable enough to blink again.
Casting: Blink (safe; 10% risk of failure)
Confirm with . or Enter, or press ? or * to list all spells.
You blink.
The adder bites you.
You die...

....##..####........#............
###....## ####.###.#............
......## #####.###.#............
......#####......##.#............
............[....##.#'#..........
....#.>..........####.#..........
......#.#######.## #'#..........
###.###...### #S## #.#......#...
....# ###...###.@# ##'#####..####
....# ###...######...#####.#
###.## ###..'.'.'.<.'.'.'.#
#..### ##.#####...####### ##...#
###...##'## ##.# ###.##
#.#..#.####..# #..#
#.##.#+#(...## #######.#####
#....#.#....# ............#
####.#'#....#


You could see an adder.

Vanquished Creatures
  A dart slug (D:1)
  A ball python (D:1)
  A hobgoblin (D:1)
  3 bats (D:1)
  A frilled lizard (D:1)
  2 goblins (D:1)
  3 rats (D:1)
12 creatures vanquished.

Notes
Turn   | Place    | Note
-------+----------+-------------------------------------------
     0 | D:1      | Akaron the Ogre Warper began the quest for the Orb.
     0 | D:1      | Reached XP level 1. HP: 22/22 MP: 3/3
   285 | D:1      | Reached XP level 2. HP: 28/29 MP: 5/5
   288 | D:1      | Learned a level 2 spell: Blink
   317 | D:1      | Reached skill level 3 in Translocations
   672 | D:2      | HP: 1/29 [poisoned by an adder]
   686 | D:1      | Slain by an adder

Illustrated notes

Levels and vault maps discovered:
D:1:      minmay_arrival_doors, layout_rooms, grunt_decor_fettered
D:2:      layout_loops_ring, basic_altar, shapermc_ecumenical_altar_pompeii,
          kennysheep_pointless_box, minmay_misc_feat_encased,
          minmay_shallow_snake_nest

Skill      XL: |  1  2 |
---------------+-------+-----
Translocations | 3 |  3.0
Maces & Flails | 2 |  2.0
Fighting       | |  2.6
Throwing       | |  1.0
Dodging        | |  2.1
Spellcasting   | |  2.8

Action                   || total
-------------------------++-------
Melee: Mace              ||    47
 Cast: Blink             ||     3
Armor: Robe              ||    29
Dodge: Dodged            ||    36
